 Dungeon Crawl Stone Soup version 0.30-a0-540-g0af01429fa (webtiles) character file.

Game seed: 8503143929283503502

301 HoaS the Skirmisher (level 6, -7/35 HPs)
             Began as a Tengu Hunter on Dec 25, 2022.
             Killed from afar by Sigmund (13 damage)
             ... with a bolt of dispelling energy
             ... on level 2 of the Dungeon.
             The game lasted 00:05:43 (2645 turns).

HoaS the Skirmisher (Tengu Hunter)                  Turns: 2645, Time: 00:05:43

Health: -7/35      AC:  5    Str: 11    XL:     6   Next: 37%
Magic:  7/7        EV: 14    Int:  9    God:
Gold:   160        SH:  0    Dex: 20    Spells: 5/5 levels left

rFire   . . .      SeeInvis .    a - +0 shortbow
rCold   . . .      Faith    .    (shield currently unavailable)
rNeg    . . .      Spirit   .    c - +0 leather armour
rPois   .          Reflect  .    (helmet restricted)
rElec   .          Harm     .    (no cloak)
rCorr   .          Rampage  .    d - +1 pair of gloves
Will    .....                    (boots unavailable)
Stlth   ++                       (no amulet)
HPRegen 0.25/turn                (no ring)
MPRegen 0.10/turn                (no ring)

@: flying quickly and evasively, quick
A: beak, talons 3, nimble flight
a: no special abilities


You were on level 2 of the Dungeon.
You visited 1 branch of the dungeon, and saw 3 of its levels.

You collected 160 gold pieces.

Inventory:

Hand Weapons
 a - a +0 shortbow (weapon)
Armour
 c - a +0 leather armour (worn)
 d - a +1 pair of gloves (worn)
Scrolls
 b - a scroll of immolation
Potions
 e - a potion of magic {unknown}
 f - 3 potions of flight {unknown}
 g - 2 potions of might {unknown}
 h - a potion of ambrosia {unknown}


   Skills:
 - Level 2.0 Fighting
 + Level 8.2 Ranged Weapons
 - Level 2.1 Dodging
 - Level 1.0 Stealth


You had 5 spell levels left.
You didn't know any spells.
Your spell library contained the following spells:

 Spells                   Type           Power      Damage    Failure   Level
 Sublimation of Blood     Necr           0%         N/A       63%         2
 Wereblood                Tmut           0%         N/A       63%         2
 Summon Hydra             Summ           0%         N/A       100%        7


Dungeon Overview and Level Annotations

Branches:
Dungeon (3/15)

Altars:
Ru
Zin

Annotations:
D:2 Sigmund
D:3 Grinder


Innate Abilities, Weirdness & Mutations

You have a beak for a mouth.
You have claws for feet.
Your magical nature lets you fly swiftly and evasively.


Message History

You shoot an arrow. The arrow hits Sigmund.
Sigmund is lightly wounded.
Sigmund zaps a wand.
The bolt of dispelling energy hits you.
You shoot an arrow. The arrow closely misses Sigmund.
Sigmund casts a spell.
Sigmund flickers and vanishes!
Deactivating autopickup; reactivate with Ctrl-A.
No target in view!
No target in view!
No target in view!
You shoot an arrow. You shoot an arrow. You shoot an arrow. You shoot an arrow.
A puff of flame appears from out of thin air!
The puff of flame hits you.
You shoot an arrow.
You hear some strange, mumbled words.
A puff of flame appears from out of thin air!
The puff of flame hits you!
You are too injured to fight recklessly!
You are too injured to fight recklessly!
You are too injured to fight recklessly!
You are too injured to fight recklessly!
You are too injured to fight recklessly!
You are too injured to fight recklessly!
Fire: a) +0 shortbow
Press: ? - help, Q - select action Shift-Dir - straight line You shoot an arrow.
You hear a zap.
A bolt of dispelling energy appears from out of thin air!
The bolt of dispelling energy hits you.
* * * LOW HITPOINT WARNING * * *
Fire: a) +0 shortbow
Press: ? - help, Q - select action Shift-Dir - straight line You shoot an arrow.
You hear a zap.
A bolt of dispelling energy appears from out of thin air!
The bolt of dispelling energy hits you!
You die...

.................................
.................................
.................#.............#.
........###..............#.....#.
........# #####.#..............#.
.......... #.##....##.#.....#.
.##........ #..........#.....#.
.####........#######.....#.##....
.........$....{.@..........##....
............########.....####....
.................................
'####........########...####.....
.##..........# ######.#..........
.............###......#.#........
......................#+#......#.
#.._......................##+#...
.................................


There were no monsters in sight!

Vanquished Creatures
  Terence (D:3)
  Natasha (thrice) (D:2)
  An orc wizard (D:3)
  4 gnolls (D:3)
  7 adders
  2 worms
  3 dart slugs
  11 orcs (D:3)
  A ball python (D:1)
  4 endoplasms
  A giant cockroach (D:2)
  4 goblins
  2 hobgoblins
  7 kobolds
  3 quokkas
  5 bats
  2 frilled lizards
  4 rats
65 creatures vanquished.

Notes
Turn   | Place    | Note
-------+----------+-------------------------------------------
     0 | D:1      | HoaS the Tengu Hunter began the quest for the Orb.
     0 | D:1      | Reached XP level 1. HP: 12/12 MP: 2/2
    86 | D:1      | Reached XP level 2. HP: 17/17 MP: 3/3
   224 | D:1      | Reached skill level 5 in Ranged Weapons
   224 | D:1      | You fall into a shaft and drop 1 floor!
   304 | D:1      | Reached XP level 3. HP: 21/21 MP: 4/4
   831 | D:2      | Noticed Natasha
   834 | D:2      | Killed Natasha
   835 | D:2      | Reached skill level 6 in Ranged Weapons
   856 | D:2      | Noticed Natasha
   858 | D:2      | Killed Natasha
   859 | D:2      | Reached XP level 4. HP: 24/26 MP: 5/5
  1167 | D:2      | Noticed Sigmund
  1369 | D:2      | Gained mutation: Your magical nature lets you fly swiftly
                  | and evasively. [Tengu growth]
  1369 | D:2      | Reached XP level 5. HP: 30/30 MP: 6/6
  1369 | D:2      | Noticed Natasha
  1378 | D:2      | Killed Natasha
  1379 | D:2      | Reached skill level 7 in Ranged Weapons
  1460 | D:2      | Found a glowing silver altar of Zin.
  1817 | D:3      | Noticed Grinder
  2144 | D:3      | Reached XP level 6. HP: 35/35 MP: 7/7
  2312 | D:3      | Reached skill level 8 in Ranged Weapons
  2418 | D:3      | Noticed Terence
  2437 | D:3      | Killed Terence
  2477 | D:3      | Found a sacrificial altar of Ru.
  2645 | D:2      | Killed from afar by Sigmund

Illustrated notes

Levels and vault maps discovered:
D:1:      nicolae_arrival_memento_mori, layout_loops_ring
D:2:      layout_basic, basic_altar, uniq_natasha, uniq_sigmund
D:3:      layout_basic, nicolae_overflow_hidden_temple, uniq_grinder,
          uniq_terence

Skill      XL: |  1  2  3  4  5  6 |
---------------+-------------------+-----
Ranged Weapons | 5 6 7 8 |  8.2
Fighting       | |  2.0
Dodging        | |  2.1
Stealth        | |  1.0

Action                   |  1- 3 |  4- 6 || total
-------------------------+-------+-------++-------
 Fire: Shortbow          |    59 |   167 ||   226
  Use: Scroll            |     2 |     4 ||     6
Armor: Leather armour    |    10 |    18 ||    28
Dodge: Dodged            |    19 |    37 ||    56

Table legend: (Time is in decaauts)
 A = Elapsed time spent in this place.
 B = Non-inter-level travel time spent in this place.
 C = Inter-level travel time spent in this place.
 D = Time resting spent in this place.
 E = Time spent auto-exploring this place.
 F = Levels seen in this place.
 G = Mean time per level.
                   A        B        C        D        E       F      G
               +--------+--------+--------+--------+--------+-----+--------+
         Total |   2601 |   2549 |     52 |    273 |   1753 |   3 |  867.0 |
       Dungeon |   2601 |   2549 |     52 |    273 |   1753 |   3 |  867.0 |
               +--------+--------+--------+--------+--------+-----+--------+

Top non-repeatable levels by time:
     D:2: 978 daAuts
     D:3: 937 daAuts
     D:1: 685 daAuts
